 Dungeon Crawl Stone Soup version 0.31-a0-193-gdfe2569204 (webtiles) character file.

Game seed: 10811543655889869410

91 qw the Shooter (level 4, -1/25 HPs)
             Began as a Deep Elf Hunter on June 23, 2023.
             Slain by an orc
             ... wielding a +0 club
              (3 damage)
             ... on level 3 of the Dungeon.
             The game lasted 00:00:40 (1799 turns).

qw the Shooter (Deep Elf Hunter)                    Turns: 1799, Time: 00:00:40

Health: -1/25      AC:  5    Str:  7 (10) XL:     4   Next: 34%
Magic:  6/6        EV: 10    Int: 13 (14) God:
Gold:   73         SH:  0    Dex: 15 (18) Spells: 3/3 levels left

rFire   . . .        Y - +0 shortbow
rCold   . . .        (shield currently unavailable)
rNeg    . . .        b - +0 ring mail
rPois   .            (no helmet)
rElec   .            (no cloak)
rCorr   .            (no gloves)
SInv    .            (no boots)
Will    .....        (no amulet)
Stlth   +            (no ring)
HPRegen 0.24/turn    (no ring)
MPRegen 0.10/turn

%: no passive effects
@: no status effects
A: no striking features
a: no special abilities


You were on level 3 of the Dungeon.
You visited 1 branch of the dungeon, and saw 3 of its levels.

You collected 97 gold pieces.
You spent 24 gold pieces at shops.


   Skills:
 - Level 1.5 Fighting
 + Level 7.8 Ranged Weapons
 - Level 2.4 Dodging
 - Level 1.2 Stealth


You had 3 spell levels left.
You didn't know any spells.
Your spell library was empty.

Inventory:

Hand Weapons
 Y - a +0 shortbow (weapon)
Armour
 b - a +0 ring mail (worn)
Scrolls
 a - a scroll of silence {unknown}
 c - a scroll of fog {unknown}
 d - 2 scrolls of identify
Potions
 j - a potion of berserk rage {unknown}

Dungeon Overview and Level Annotations

Branches:
Dungeon (3/15)

Altars:

Shops:
D:1 ?   D:2 ?


Message History

The orc barely misses you. The orc hits you but does no damage.
You shoot an arrow. The arrow barely misses the orc.
The orc hits you with a +0 dagger. The orc hits you but does no damage.
You shoot an arrow. The arrow barely misses the orc.
The orc hits you but does no damage. The orc barely misses you.
You shoot an arrow. The arrow completely misses the orc.
The orc barely misses you. The orc hits you with a +0 dagger.
You shoot an arrow. The arrow closely misses the orc.
The orc hits you with a +0 club. The orc closely misses you.
You shoot an arrow. The arrow hits the orc.
You kill the orc!
The orc completely misses you.
You shoot an arrow.
The arrow hits the orc but does no damage.
The orc barely misses you.
You shoot an arrow. The arrow barely misses the orc.
The orc hits you but does no damage. The orc hits you with a +0 club.
You shoot an arrow. The arrow hits the orc.
The orc is lightly wounded.
The orc hits you with a +0 club. The orc closely misses you.
You shoot an arrow. The arrow closely misses the orc.
The orc barely misses you. The orc hits you with a +0 hand axe.
You shoot an arrow. The arrow barely misses the orc.
The orc hits you with a +0 hand axe. The orc hits you with a +0 club.
The orc hits you with a +0 hand axe. The orc hits you but does no damage.
You shoot an arrow.
The arrow hits the orc but does no damage.
The orc is lightly wounded.
The orc barely misses you. The orc hits you but does no damage.
You shoot an arrow. The arrow hits the orc.
The orc is heavily wounded.
The orc hits you but does no damage. The orc hits you with a +0 club.
You shoot an arrow. The arrow barely misses the orc.
The orc barely misses you. x2
You shoot an arrow. The arrow barely misses the orc.
The orc barely misses you. x2
You shoot an arrow. The arrow hits the orc!
You kill the orc!
The orc hits you with a +0 club.
You die...

#.#########
#####.#.......# ##
............... ..
#####.#.#####.# .# #
#.#.# .# # #.#.# o#
# #.#.# o# #
#.#.#########)# #
#.#.........@o# ###
#.#########.........
..###.#...#
#.......##
......#...#
#.......#
##..###...#
######..# ##..##...#
#####..# ##..#...#
#...#..# ##.....#
#...#..# ##....#
#...#..#


You could see 3 orcs.

Vanquished Creatures
  A jelly (D:3)
  A worm (D:3)
  A dart slug (D:1)
  4 orcs (D:3)
  6 ball pythons
  6 bats
  5 endoplasms
  7 goblins
  5 hobgoblins
  4 jackals (D:1)
  5 kobolds
  A frilled lizard (D:2)
  4 rats
50 creatures vanquished.

Notes
Turn   | Place    | Note
-------+----------+-------------------------------------------
     0 | D:1      | qw the Deep Elf Hunter began the quest for the Orb.
     0 | D:1      | Reached XP level 1. HP: 12/12 MP: 3/3
     0 | D:1      | 0 ||| qw: Version: 0.3-a-9-g12657ce
     0 | D:1      | 0 ||| qw: Game counter: 4614
     0 | D:1      | 0 ||| qw: Always use a shield: true
     0 | D:1      | 0 ||| qw: God list: Okawaru
     0 | D:1      | 0 ||| qw: Allow faded altars: false
     0 | D:1      | 0 ||| qw: Do Orc after D:15 true
     0 | D:1      | 0 ||| qw: Do second Lair branch before Depths: true
     0 | D:1      | 0 ||| qw: Lair rune preference: random
     0 | D:1      | 0 ||| qw: Plans: Normal
     0 | D:1      | 0 ||| PLANNING D:1-11
   215 | D:1      | Reached XP level 2. HP: 11/16 MP: 4/4
   259 | D:1      | Reached skill level 6 in Ranged Weapons
   322 | D:1      | Found Dol Jeo's Magic Scroll Shop.
   328 | D:1      | 328 ||| SHOPLISTING scroll of identify (28 gold, have 8).
   508 | D:1      | 508 ||| FLEEEEING.
   509 | D:1      | 509 ||| FLEEEEING.
   510 | D:1      | 510 ||| FLEEEEING.
   511 | D:1      | 511 ||| FLEEEEING.
   513 | D:1      | 513 ||| FLEEEEING.
   567 | D:1      | 567 ||| READING scroll labelled BODUHATOJUMI.
   568 | D:1      | 568 ||| READING scroll labelled TUREUR SES.
   569 | D:1      | 569 ||| READING scroll labelled YNTEAN YK FAL.
   570 | D:1      | 570 ||| READING scroll labelled PICEAXZAUTY.
   571 | D:1      | 571 ||| DRINKING 2 green potions.
   572 | D:1      | 572 ||| DROPPING scroll of butterflies.
   573 | D:1      | 573 ||| DROPPING potion of degeneration.
   744 | D:2      | Reached XP level 3. HP: 20/20 MP: 5/5
   825 | D:2      | Found Veskefer's Magic Scroll Shoppe.
   831 | D:2      | 831 ||| SHOPLISTING 3 scrolls of identify (72 gold, have
                  | 29).
   831 | D:2      | 831 ||| BUYING scroll of identify (24 gold).
   831 | D:2      | Bought a scroll of identify for 24 gold pieces
   831 | D:2      | 831 ||| SHOPLISTING scroll of identify (24 gold, have 5).
  1200 | D:2      | Reached skill level 7 in Ranged Weapons
  1436 | D:2      | 1436 ||| UPGRADING to +0 ring mail.
  1446 | D:2      | 1446 ||| DROPPING +0 leather armour.
  1447 | D:2      | 1447 ||| READING scroll labelled HOIRAH GUARCH.
  1448 | D:2      | 1448 ||| READING 2 scrolls of identify.
  1448 | D:2      | 1448 ||| IDENTIFYING orange potion
  1449 | D:2      | 1449 ||| DROPPING potion of brilliance.
  1669 | D:3      | Reached XP level 4. HP: 25/25 MP: 6/6
  1794 | D:3      | HP: 5/25 [orc/+0 club (3)]
  1796 | D:3      | HP: 1/25 [orc/+0 club (3)]
  1799 | D:3      | Slain by an orc

Levels and vault maps discovered:
D:1:      minmay_arrival_checkered_box, layout_loops_cross, serial_shops,
          nicolae_shop_pleasant_corner_grove
D:2:      layout_basic, serial_shops, nicolae_shop_advertising_works
          [nicolae_subvault_shop_adworks]
D:3:      layout_basic, minmay_goblin_kobold_house, uniq_terence, uniq_ijyb

Skill      XL: |  1  2  3 |
---------------+----------+-----
Ranged Weapons | 6 7 |  7.8
Fighting       | |  1.5
Dodging        | |  2.4
Stealth        | |  1.2

Action                     |  1- 3 |  4- 6 || total
---------------------------+-------+-------++-------
   Fire: Shortbow          |   110 |    30 ||   140
    Use: Scroll            |     6 |       ||     6
         Potion            |     1 |       ||     1
 Armour: Leather armour    |     9 |       ||     9
         Ring mail         |       |    10 ||    10
  Dodge: Dodged            |    20 |    15 ||    35

Table legend:
 A = Non-vault XP
 B = Vault XP
 C = Vault XP percentage of total XP
 D = Non-vault monster count
 E = Vault monster count
 F = Vault count percentage of total count
                 A         B        C        D         E       F
            +---------+---------+-------+---------+---------+-------
      Total |     134 |       0 |   0.0 |      50 |       0 |   0.0
            +---------+---------+-------+---------+---------+-------
        D:1 |      32 |       0 |   0.0 |      16 |       0 |   0.0
        D:2 |      34 |       0 |   0.0 |      22 |       0 |   0.0
        D:3 |      68 |       0 |   0.0 |      12 |       0 |   0.0
            +---------+---------+-------+---------+---------+-------
